AoeStats
← EL GRAN CAPITÁN

Arena

506403532Analyzed
2v2 RM · 18d ago on Sep 13, 2026· 29m 45s· 4 players
Game mode
Random Map
Map size
Medium (4 player)
Population
200
Speed
Normal
Resources
Standard
Victory
Conquest
Starting age
Dark Age
Ending age
Imperial Age
RankedLock teamsTeams togetherTeam positionsShared explorationLock speedFull tech treeHidden civsTurbo modeCheats
Victory
Defeat
🇪🇸 Spanish · Spain
902
+17
🇸🇪 Vikings · Sweden
901
+17
🇳🇴 Magyars · Norway
945
-18
909
-16
paxo4
11:06 Feudal Age
11:51 Double-Bit Axe
11:49 Horse Collar
17:49 Castle Age
16:28 Gold Mining
17:35 Stone Mining
19:17 Bow Saw
19:13 Heavy Plow
24:01 Squires
23:46 Arson
24:19 Scale Mail Armor
27:06 Forging
28:42 Iron Casting
EL GRAN CAPITÁN
11:38 Feudal Age
15:48 Castle Age
14:15 Stone Mining
14:41 Loom
15:12 Double-Bit Axe
15:34 Fletching
25:46 Husbandry
25:57 Bloodlines
26:12 Padded Archer Armor
juleskum
10:36 Feudal Age
15:55 Castle Age
14:54 Fletching
19:22 Double-Bit Axe
19:52 Husbandry
22:08 Horse Collar
24:13 Bloodlines
27:27 Elite Skirmisher
28:48 Bodkin Arrow
DontFuckleWithShuckle
7:59 Loom
10:41 Feudal Age
15:50 Fletching
18:29 Castle Age
17:19 Gold Mining
17:14 Double-Bit Axe
17:16 Horse Collar
Connection lost

Rejoining the realm…

Still unreachable

The connection could not be restored.

Session expired

The server has moved on; the page needs a fresh start.